 Dungeon Crawl Stone Soup version 0.20.1-1-g8b1a95d (webtiles) character file.

18 Mesmaeker13 the Charmwright (level 2, -16/36 HPs)
             Began as a Draconian Skald on Aug 26, 2017.
             Killed from afar by Terence (29 damage)
             ... with an exploding inner flame
             ... hexed by the player character
             ... on level 2 of the Dungeon.
             The game lasted 00:01:53 (1324 turns).

Mesmaeker13 the Charmwright (Draconian Skald)       Turns: 1324, Time: 00:01:54

Health: -16/36     AC: 21    Str: 13    XL:     2   Next: 51%
Magic:  5/5        EV:  2    Int: 13    God:
Gold:   51         SH:  0    Dex: 10    Spells: 2/5 levels left

rFire    . . .     SeeInvis .   i - -3 dagger (curse)
rCold    . . .     Gourm    .   (no shield)
rNeg     + + +     Faith    .   (armour unavailable)
rPois    +         Spirit   .   (helmet currently unavailable)
rElec    .         Reflect  .   (cloak currently unavailable)
rCorr    .         Harm     .   (gloves currently unavailable)
MR       .....     NoTele   +   (boots currently unavailable)
Stlth    +.........             (no amulet)
Regen    0.2/turn               (no ring)
MPRegen  0.1/turn               (no ring)

@: tree-form
A: unfitting armour, AC +4
a: no special abilities


You were on level 2 of the Dungeon.
You were hungry.
You were a tree.
You visited 1 branch of the dungeon, and saw 2 of its levels.

You collected 51 gold pieces.

Inventory:

Hand Weapons
 a - a +0 mace
 i - a cursed -3 dagger (weapon)
Missiles
 f - 8 curare-tipped needles
Armour
 k - a +0 pair of gloves (melded)
Scrolls
 l - a scroll of teleportation {unknown}
Books
 b - a book of Battle

   Spells                             Type                      Level
   a - Infusion                       Charms                       1
   b - Shroud of Golubria             Charms/Translocation         2
   c - Song of Slaying                Charms                       2
   d - Spectral Weapon                Hexes/Charms                 3
   e - Regeneration                   Charms/Necromancy            3
Comestibles
 c - a bread ration
 d - a royal jelly
 h - a meat ration
 j - a chunk of flesh
 m - 3 fruits


   Skills:
 - Level 2.1 Fighting
 + Level 2.6 Maces & Flails
 + Level 2.4 Dodging
 - Level 2.0 Spellcasting
 + Level 2.9 Charms


You had 2 spell levels left.
You knew the following spells:

 Your Spells              Type           Power        Failure   Level  Hunger
a - Infusion              Chrm           #...         8%          1    ##.....
b - Shroud of Golubria    Chrm/Tloc      #.........   22%         2    ###....


Dungeon Overview and Level Annotations

Branches:
Dungeon (2/15)

Altars:
Kikubaaqudgha


Innate Abilities, Weirdness & Mutations

((Your plain brown scales are hard. (AC +4)))
You cannot fit into any form of body armour.
((You are cold-blooded and may be slowed by cold attacks.))


Message History

Terence hits you but does no damage.
You hit Terence but do no damage.
Terence is almost dead.
You closely miss Terence.
Terence is almost dead.
Terence hits you but does no damage.
You barely miss Terence.
Terence is almost dead.
Terence hits you but does no damage.
You hit Terence but do no damage.
Terence is almost dead.
Terence hits you but does no damage.
You hit Terence.
Terence is almost dead.
Terence hits you but does no damage.
You hit Terence.
Terence explodes!
The fiery explosion engulfs you!
Ouch! That really hurt!
You die...

####### ##### #.....######
#...# #.#........#
#.#.###.### # #.#.#.####.#
#.........# ###.#.#.# #.#
#...###.#.# '...#.#.#
#.###§........#
#####.#.####...§♣..###.####
+.....#.#...##§##.<........
####..#.#.###...######.####
..........##.....##..#
..........#.......#.>#
####..#.#....._......#
#..#.#.#.......##.#
####....#.##.....###.#.#
......###.###...## #.#.#


There were no monsters in sight!

Vanquished Creatures
  2 dart slugs (D:1)
  2 giant cockroaches (D:1)
  4 goblins
  2 bats (D:1)
  A frilled lizard (D:1)
  2 kobolds (D:1)
  2 rats
15 creatures vanquished.

Notes
Turn   | Place    | Note
-------+----------+-------------------------------------------
     0 | D:1      | Mesmaeker13 the Draconian Skald began the quest for the Orb.
     0 | D:1      | Reached XP level 1. HP: 17/17 MP: 3/3
   299 | D:1      | Reached XP level 2. HP: 24/24 MP: 1/5
  1180 | D:2      | Found an ancient bone altar of Kikubaaqudgha.
  1273 | D:2      | Noticed Terence
  1278 | D:2      | Learned a level 2 spell: Shroud of Golubria
  1324 | D:2      | Killed Terence
  1324 | D:2      | Killed from afar by Terence

Action                   || total
-------------------------++-------
Melee: Mace              ||    68
       Tailslap          ||     6
       Dagger            ||    17
 Cast: Infusion          ||     4
       Shroud of Golubri ||     1
  Use: Scroll            ||     3
       Potion            ||     1
  Eat: Chunk             ||     1
Armor: Skin              ||    46
Dodge: Dodged            ||    85
